AoeStats
← MarcaTenebrosa

Arena

513976829Analyzed
3v3 RM · 2d ago on Oct 16, 2026· 50m 30s· 6 players
Game mode
Random Map
Map size
Normal (6 player)
Population
200
Speed
Normal
Resources
Standard
Victory
Conquest
Starting age
Dark Age
Ending age
Imperial Age
RankedLock teamsTeams togetherTeam positionsShared explorationLock speedFull tech treeHidden civsTurbo modeCheats
Victory
Defeat
🇪🇸 Bengalis · Spain
888
+11
🇦🇷 Cumans · Argentina
783
+15
🇺🇸 Turks · United States
685
+18
vs
🇺🇸 Huns · United States
865
-19
🇲🇽 Burmese · Mexico
775
-15
🇺🇸 Spanish · United States
637
-10
lxatruch
11:59 Feudal Age
16:13 Castle Age
14:23 Horse Collar
15:21 Double-Bit Axe
17:50 Wheelbarrow
18:55 Bow Saw
18:58 Heavy Plow
19:21 Town Watch
22:52 Forging
26:18 Husbandry
27:55 Thumb Ring
28:00 Marauders
30:10 Hand Cart
29:57 Town Patrol
31:38 Bloodlines
31:48 Loom
32:07 Fletching
36:47 Imperial Age
36:23 Iron Casting
35:54 Scale Barding Armor
35:47 Bodkin Arrow
38:46 Conscription
38:54 Elite Tarkan
Warco26
1:17 Loom
2:49 Loom
13:13 Feudal Age
20:39 Castle Age
18:48 Scale Mail Armor
18:48 Padded Archer Armor
19:35 Man-at-Arms
20:24 Stone Mining
20:25 Gold Mining
21:19 Arson
21:35 Squires
23:12 Double-Bit Axe
30:43 Leather Archer Armor
30:24 Pikeman
34:57 Bow Saw
36:29 Stone Shaft Mining
41:09 Fortified Wall
41:56 Chain Mail Armor
pablolodelahdz
11:20 Feudal Age
11:40 Feudal Age
14:43 Horse Collar
17:44 Castle Age
22:39 Forging
22:06 Man-at-Arms
23:42 Wheelbarrow
23:12 Treadmill Crane
24:30 Fervor
23:52 Elite Skirmisher
24:47 Heavy Plow
26:01 Bloodlines
25:16 Pikeman
28:37 Scale Barding Armor
28:23 Fletching
29:41 Manipur Cavalry
29:46 Husbandry
29:07 Light Cavalry
30:50 Town Watch
31:32 Hand Cart
32:37 Squires
32:24 Gambesons
35:32 Imperial Age
33:04 Town Patrol
33:08 Padded Archer Armor
32:59 Long Swordsman
33:26 Arson
37:07 Conscription
36:58 Howdah
36:24 Elite Battle Elephant
39:34 Chemistry
38:57 Ballistics
40:59 Chain Barding Armor
41:50 Gold Mining
41:45 Halberdier
snpukwana
7:51 Loom
10:37 Feudal Age
11:24 Horse Collar
12:36 Double-Bit Axe
14:17 Wheelbarrow
19:57 Castle Age
18:05 Stone Mining
21:09 Bow Saw
22:03 Gold Mining
23:39 Man-at-Arms
24:24 Fletching
25:23 Bloodlines
25:14 Husbandry
25:26 Heavy Plow
25:48 Caravan
28:16 Padded Archer Armor
28:23 Bodkin Arrow
30:28 Leather Archer Armor
34:50 Imperial Age
33:03 Fortified Wall
33:15 Ballistics
32:52 Murder Holes
32:39 Treadmill Crane
34:15 Hand Cart
35:52 Conscription
35:38 Town Watch
36:27 Conscription
36:23 Elite Janissary
37:09 Bracer
38:47 Masonry
39:14 Ring Archer Armor
39:12 Scale Barding Armor
39:17 Forging
41:01 Chain Barding Armor
42:47 Gold Shaft Mining
44:30 Artillery
45:46 Architecture
49:22 Plate Barding Armor
49:23 Iron Casting
MarcaTenebrosa
10:46 Feudal Age
15:51 Castle Age
14:20 Double-Bit Axe
15:38 Scale Mail Armor
17:26 Forging
20:04 Gold Mining
22:48 Loom
26:39 Scale Barding Armor
27:51 Iron Casting
28:00 Wheelbarrow
28:20 Town Watch
32:55 Hand Cart
33:25 Fletching
35:02 Bodkin Arrow
35:29 Chain Barding Armor
35:25 Light Cavalry
36:18 Bloodlines
40:01 Gold Shaft Mining
40:42 Stone Mining
41:07 Bow Saw
40:40 Horse Collar
46:47 Imperial Age
48:15 Plate Barding Armor
48:41 Blast Furnace
47:03 Hussar
50:03 Two-Man Saw
50:15 Masonry
50:26 Ballistics
MIRMIDOR
11:56 Feudal Age
14:26 Loom
17:05 Castle Age
15:03 Double-Bit Axe
15:00 Horse Collar
15:55 Gold Mining
17:09 Fletching
18:42 Bow Saw
18:35 Heavy Plow
18:55 Stone Mining
21:06 Wheelbarrow
23:11 Hand Cart
25:34 Gold Shaft Mining
24:42 Pikeman
32:15 Imperial Age
30:03 Bloodlines
31:03 Husbandry
31:45 Paiks
31:56 Forging
32:20 Elite Battle Elephant
34:44 Scale Barding Armor
35:15 Iron Casting
35:37 Crop Rotation
35:59 Conscription
37:06 Chain Barding Armor
37:48 Blast Furnace
41:03 Plate Barding Armor
40:25 Bodkin Arrow
40:47 Town Watch
42:30 Halberdier
43:11 Squires
43:05 Gambesons
Connection lost

Rejoining the realm…

Still unreachable

The connection could not be restored.

Session expired

The server has moved on; the page needs a fresh start.